 Dungeon Crawl Stone Soup version 0.28-a0-1389-gc726bef33b (webtiles) character file.

Game seed: 10250301163580307496

49 Snarg the Bolt Thrower (level 3, -1/28 HPs)
             Began as a Demigod Wanderer on Jan 4, 2022.
             Succumbed to an adder's poison
             ... on level 2 of the Dungeon.
             The game lasted 00:05:57 (1660 turns).

Snarg the Bolt Thrower (Demigod Wanderer)           Turns: 1660, Time: 00:05:57

Health: -1/28      AC:  3    Str: 19    XL:     3   Next: 32%
Magic:  5/5        EV: 11    Int: 14    God:
Gold:   92         SH:  5    Dex: 11    Spells: 2/2 levels left

rFire   . . .      SeeInvis .   a - +0 short sword
rCold   . . .      Faith    .   (no shield)
rNeg    . . .      Spirit   .   f - +0 leather armour
rPois   .          Reflect  +   (no helmet)
rElec   .          Harm     .   (no cloak)
rCorr   .          Rampage  .   (no gloves)
Will    .....                   (no boots)
Stlth   ++........              i - amulet of reflection
HPRegen 0.09/turn               (no ring)
MPRegen 0.09/turn               (no ring)

@: brilliant, lethally poisoned (-1 -> -6)
A: high mp 1, forlorn, divine attributes
a: no special abilities


You were on level 2 of the Dungeon.
You visited 1 branch of the dungeon, and saw 2 of its levels.

You collected 92 gold pieces.

Inventory:

Hand Weapons
 a - a +0 short sword (weapon)
 b - a +0 vorpal hand crossbow
 c - a +0 hand axe
 e - a +0 dagger
 n - a +0 falchion
Missiles
 d - 10 poisoned darts (quivered)
 g - 28 bolts
 h - 71 stones
Armour
 f - a +0 leather armour (worn)
 o - a +0 ring mail
Jewellery
 i - an amulet of reflection (around neck)
Scrolls
 j - a scroll of amnesia {unknown}
 m - 3 scrolls of identify {unknown}
 p - a scroll of teleportation {unknown}
 q - a scroll of immolation {unknown}


   Skills:
 + Level 1.1 Fighting
 + Level 0.4 Short Blades
 - Level 1.0 Axes
 - Level 4.0 Crossbows
 - Level 1.0 Throwing
 + Level 1.0 Armour
 * Level 2.6 Stealth
 + Level 0.2 Shields
 + Level 1.0 Evocations


You had 2 spell levels left.
You didn't know any spells.
Your spell library contained the following spells:

 Spells                   Type           Power      Damage    Failure   Level
 Static Discharge         Conj/Air       0%         N/A       45%         2
 Lightning Bolt           Conj/Air       0%         1d11      100%        5
 Maxwell's Capacitive Co  Air            0%         ∞         100%        8


Dungeon Overview and Level Annotations

Branches:
Dungeon (2/15)

Shops:
D:2 (

Annotations:
D:1 clr


Innate Abilities, Weirdness & Mutations

You have an increased reservoir of magic. (+10% MP)
You shall have no god before yourself.
Your divine heritage dramatically boosts your attributes as you level up.


Message History

You feel sick. The adder bites you but does no damage.
It was a potion of ambrosia.
You are confused.
You feel invigorated.
* * * LOW HITPOINT WARNING * * *
You feel sick. The adder bites you.
* * * LOW HITPOINT WARNING * * *
You're too confused to move!
You feel sick. The adder bites you.
* * * LOW HITPOINT WARNING * * *
The adder bites you.
* * * LOW HITPOINT WARNING * * *
It was a potion of brilliance.
You feel clever all of a sudden.
You feel less invigorated.
You feel less confused.
You feel sick. The adder barely misses you.
You hit the adder but do no damage.
The adder is severely wounded.
You feel sick. The adder bites you but does no damage.
Unknown command.
You aren't carrying any potions.
Okay, then.
Unknown command.
You barely miss the adder.
The adder is severely wounded.
You feel sick.
You are no longer poisoned.
The adder barely misses you. You block the adder's attack.
You miss the adder.
The adder is severely wounded.
The adder barely misses you.
You closely miss the adder.
The adder is severely wounded.
The adder bites you.
* * * LOW HITPOINT WARNING * * *
You are lethally poisoned!
The adder poisons you! The adder barely misses you.
You hit the adder but do no damage.
The adder is severely wounded.
You die...

#.# #.# ##.##
##...## ..... ...
#######S#
......#@#####.#
#.........#
###..###### #...##
#....#############
#.#..####...###...
#########
#.#..###....###...
#.......#
##.#..###....###...
#.......#
#..#..##..#...#...#


You could see an adder.

Vanquished Creatures
  An adder (D:2)
  A gnoll (D:1)
  2 dart slugs (D:1)
  2 ball pythons
  An endoplasm (D:2)
  A giant cockroach (D:2)
  2 goblins
  3 hobgoblins
  A kobold (D:1)
  A quokka (D:1)
  3 bats
  2 frilled lizards
  7 rats
27 creatures vanquished.

Vanquished Creatures (others)
  A fungus (D:2)
1 creature vanquished.

Grand Total: 28 creatures vanquished

Notes
Turn   | Place    | Note
-------+----------+-------------------------------------------
     0 | D:1      | Snarg the Demigod Wanderer began the quest for the Orb.
     0 | D:1      | Snarg set off with the following items: a +0 vorpal hand
                  | crossbow, 24 bolts, a +0 hand axe, 12 poisoned darts, a +0
                  | dagger, a +0 leather armour
     0 | D:1      | Reached XP level 1. HP: 16/16 MP: 3/3
    90 | D:1      | Reached skill level 4 in Crossbows
    90 | D:1      | Reached XP level 2. HP: 23/23 MP: 4/4
  1124 | D:2      | Found Tanex's Weapon Shop.
  1253 | D:2      | Reached XP level 3. HP: 27/28 MP: 5/5
  1511 | D:2      | Reached skill level 1 in Armour
  1659 | D:2      | HP: 1/28 [adder (2)]
  1660 | D:2      | Succumbed to an adder's poison

Illustrated notes

Levels and vault maps discovered:
D:1:      psy_arrival_spokes, layout_basic, moated_statue
D:2:      layout_loops_corners, shapermc_ecumenical_altar_mp_ritualfount,
          serial_shops, shop, hangedman_glass_teeth, serial_park_tiny_pond

Skill      XL: |  1  2  3 |
---------------+----------+-----
Crossbows      | 4 |  4.0
Stealth        | 2 |  2.6
Armour         | 1 |  1.0
Fighting       | |  1.1
Short Blades   | |  0.4
Axes           | |  1.0
Throwing       | |  1.0
Shields        | |  0.2
Evocations     | |  1.0

Action                   || total
-------------------------++-------
Melee: Short sword       ||    68
 Fire: Hand crossbow     ||    12
Throw: Stone             ||     3
       Dart              ||     2
  Use: Potion            ||     2
 Stab: Sleeping          ||     1
Armor: Leather armour    ||    19
Dodge: Dodged            ||    36
Block: Other             ||    12
       Reflection        ||     1

Table legend: (Time is in decaauts)
 A = Elapsed time spent in this place.
 B = Non-inter-level travel time spent in this place.
 C = Inter-level travel time spent in this place.
 D = Time resting spent in this place.
 E = Time spent auto-exploring this place.
 F = Levels seen in this place.
 G = Mean time per level.
                   A        B        C        D        E       F      G
               +--------+--------+--------+--------+--------+-----+--------+
         Total |   1663 |   1585 |     78 |      0 |   1291 |   2 |  831.5 |
       Dungeon |   1663 |   1585 |     78 |      0 |   1291 |   2 |  831.5 |
               +--------+--------+--------+--------+--------+-----+--------+

Top non-repeatable levels by time:
     D:1: 1070 daAuts
     D:2: 592 daAuts
